[Event "GambitGuide"]
[Site "Internet Chess Club"]
[Date "2014.10.30"]
[Round "1"]
[White "JSBach"]
[Black "nihil95"]
[Result "1-0"]
[ICCResult "Black resigns"]
[WhiteElo "1691"]
[BlackElo "1714"]
[Opening "Vienna: `Frankenstein-Dracula' variation"]
[ECO "C27"]
[NIC "VG.02"]
[Time "19:04:24"]
[TimeControl "120+12"]

1. e4 e5 2. Nc3 Nf6 3. Bc4 Nxe4 4. Qh5 Nd6 5. Bb3 Nc6 6. Nb5 g6 7. Qf3 f5 8.
Qd5 Qe7 9. Nxc7+ Kd8 10. Nxa8 b6 11. Ba4 Nb4 12. Qb3 Ne4 13. d3 Nc5 14. Qc4
Bb7 15. f3 Bd5 16. Qb5 Bc6 17. Qc4 Bxa4 18. b3 Bc6 19. Nxb6 axb6 20. Ne2 Qd6
21. O-O Nd5 22. Re1 Bg7 23. d4 exd4 24. Nxd4 Kc7 25. Bd2 Ne7 26. Bf4
{Black resigns}
1-0

[Event "GambitGuide"]
[Site "Internet Chess Club"]
[Date "2014.10.30"]
[Round "1"]
[White "JSBach"]
[Black "chess2009"]
[Result "1-0"]
[ICCResult "Black resigns"]
[WhiteElo "1691"]
[BlackElo "1452"]
[Opening "Vienna: `Frankenstein-Dracula' variation"]
[ECO "C27"]
[NIC "VG.02"]
[Time "19:04:35"]
[TimeControl "120+12"]

1. e4 e5 2. Nc3 Nf6 3. Bc4 Nxe4 4. Qh5 Nd6 5. Bb3 Nc6 6. Nb5 g6 7. Qf3 f5 8.
Qd5 Qe7 9. Nxc7+ Kd8 10. Nxa8 b6 11. Ba4 Nb4 12. Qb3 Ne4 13. d3 Nc5 14. Qc4
Ba6 15. Bb5 Bxb5 16. Qc3 Nd5 17. Qa3 Qh4 18. Qxa7 Nxd3+ 19. cxd3 Bxd3 20.
Qb8+ Ke7 21. Qxe5+ Kd8 22. Qxh8 Qb4+ 23. Bd2 Qe4+ 24. Kd1 Bc2+ 25. Kc1 Ba4
26. Qxf8+ Qe8 27. Bg5+ Kc8 28. Qxe8+ Kb7 29. Kd2 {Black resigns} 1-0

[Event "GambitGuide"]
[Site "Internet Chess Club"]
[Date "2014.10.30"]
[Round "1"]
[White "JSBach"]
[Black "fishhead"]
[Result "1-0"]
[ICCResult "Black resigns"]
[WhiteElo "1691"]
[BlackElo "1597"]
[Opening "Vienna: `Frankenstein-Dracula' variation"]
[ECO "C27"]
[NIC "VG.02"]
[Time "19:04:55"]
[TimeControl "120+12"]

1. e4 e5 2. Nc3 Nf6 3. Bc4 Nxe4 4. Qh5 Nd6 5. Bb3 Nc6 6. Nb5 g6 7. Qf3 f5 8.
Qd5 Qe7 9. Nxc7+ Kd8 10. Nxa8 b6 11. Ba4 Bb7 12. Nxb6 axb6 13. Qb3 b5 14.
Nf3 bxa4 15. Qxa4 Bg7 16. O-O e4 17. Ne1 Qe6 18. c3 Ke7 19. d4 Ra8 20. Qc2
Nb5 21. Qe2 Nc7 22. b4 d5 23. b5 Na5 24. Bf4 Rc8 25. Rd1 Nc4 26. a4 Ra8 27.
Bxc7 Rxa4 28. Qc2 Ra3 29. Rb1 Qd7 30. Bf4 h6 31. Qc1 g5 32. Be5 Nxe5 33.
Qxa3+ {Black resigns} 1-0

[Event "GambitGuide"]
[Site "Internet Chess Club"]
[Date "2014.10.30"]
[Round "1"]
[White "JSBach"]
[Black "Lucas"]
[Result "0-1"]
[ICCResult "White checkmated"]
[WhiteElo "1691"]
[BlackElo "2376"]
[Opening "Vienna: `Frankenstein-Dracula' variation"]
[ECO "C27"]
[NIC "VG.02"]
[Time "19:04:03"]
[TimeControl "120+12"]

1. e4 e5 2. Nc3 Nf6 3. Bc4 Nxe4 4. Qh5 Nd6 5. Bb3 Nc6 6. Nb5 g6 7. Qf3 f5 8.
Qd5 Qe7 9. Nxc7+ Kd8 10. Nxa8 b6 11. Ba4 Bb7 12. Nxb6 axb6 13. Qb3 Nc8 14.
Qd3 Nb4 15. Qg3 f4 16. Qg4 Bc6 17. Bb3 Bd5 18. Qh3 g5 19. a3 g4 20. Qxg4
Bxb3 21. axb4 Bxc2 22. Nf3 h5 23. Qh3 e4 24. Nd4 Bd3 25. Nf5 Qxb4 26. Qh4+
Be7 27. Nxe7 Qxe7 28. Qxf4 Rf8 29. Qe3 d5 30. Ra3 Rg8 31. Qh3 Qg5 32. Ra8
Kc7 33. Rg1 h4 34. Qe6 Qh5 35. g4 hxg3 36. f3 Qxf3 37. Qe5+ Nd6 38. Ra7+ Kb8
39. Qxd6+ Kxa7 40. Qd7+ Ka8 41. Qxd5+ Kb8 42. Qxg8+ Ka7 43. Qa2+ Kb7 44.
Qd5+ Ka6 45. Qa8+ Kb5 46. Qe8+ Ka6 47. Qa8+ Kb5 48. Qd5+ Ka6 49. Qa8+ Kb5
50. Qd5+ Ka6 51. Qa8+ Kb5 52. Qe8+ Ka6 53. Qa4+ Kb7 54. Qd7+ Ka6 55. Qc8+
Kb5 56. Qd7+ Kb4 57. Qe7+ Kb3 58. Qa3+ Kc2 59. Qc3+ Kb1 60. Qxd3+ exd3 61.
Rg2 Qxg2 62. hxg3 Qe2# {White checkmated} 0-1

[Event "GambitGuide"]
[Site "Internet Chess Club"]
[Date "2014.10.30"]
[Round "1"]
[White "JSBach"]
[Black "TheJedi"]
[Result "1-0"]
[ICCResult "Black resigns"]
[WhiteElo "1691"]
[BlackElo "2119"]
[Opening "Vienna: `Frankenstein-Dracula' variation"]
[ECO "C27"]
[NIC "VG.02"]
[Time "19:05:14"]
[TimeControl "120+12"]

1. e4 e5 2. Nc3 Nf6 3. Bc4 Nxe4 4. Qh5 Nd6 5. Bb3 Nc6 6. Nb5 g6 7. Qf3 f5 8.
Qd5 Qe7 9. Nxc7+ Kd8 10. Nxa8 b6 11. Ba4 Bb7 12. Nxb6 axb6 13. Qb3 Kc7 14.
Ne2 Bg7 15. Nc3 Na7 16. Nd5+ Bxd5 17. Qxd5 Nc6 18. a3 Nb7 19. c3 e4 20. Qb5
h5 21. Bb3 h4 22. h3 Qe5 23. Bd5 Nd6 24. Qb3 Na5 25. Qa2 g5 26. O-O g4 27.
hxg4 fxg4 28. Re1 g3 29. f3 h3 30. d4 Qh5 31. Bf7 Qh6 32. Bxh6 {Black
resigns} 1-0

[Event "GambitGuide"]
[Site "Internet Chess Club"]
[Date "2014.10.30"]
[Round "1"]
[White "JSBach"]
[Black "Heian"]
[Result "1-0"]
[ICCResult "Black resigns"]
[WhiteElo "1691"]
[BlackElo "1562"]
[Opening "Vienna: `Frankenstein-Dracula' variation"]
[ECO "C27"]
[NIC "VG.02"]
[Time "19:02:07"]
[TimeControl "120+12"]

1. e4 e5 2. Nc3 Nf6 3. Bc4 Nxe4 4. Qh5 Nd6 5. Bb3 Nc6 6. Nb5 g6 7. Qf3 f5 8.
Qd5 Qe7 9. Nxc7+ Kd8 10. Nxa8 b6 11. Ba4 Bb7 12. Nxb6 axb6 13. Qb3 Nc8 14.
Nf3 Nd4 15. Nxd4 exd4+ 16. Kf1 Qd6 17. a3 Ba6+ 18. Bb5 Bb7 19. Bc4 Na7 20.
f3 Nc6 21. Qxb6+ Kc8 22. Ba6 Nd8 23. Bxb7+ Nxb7 24. Qa7 Kc7 25. b4 d3 26.
Bb2 dxc2 27. Bxh8 Qd3+ 28. Ke1 Bh6 29. Bc3 Kc8 30. Qa8+ Kc7 31. Rc1 g5 32.
Qa4 g4 33. Rxc2 gxf3 34. gxf3 Qxf3 35. Bf6+ Kb8 36. Rf1 Qe4+ 37. Kf2 Qf4+
38. Kg1 Qg4+ 39. Kf2 Qf4+ 40. Kg1 Qg4+ 41. Kf2 Qh4+ 42. Bxh4 {Black resigns}
1-0

[Event "GambitGuide"]
[Site "Internet Chess Club"]
[Date "2014.10.30"]
[Round "1"]
[White "JSBach"]
[Black "Nightlife"]
[Result "1/2-1/2"]
[ICCResult "Game drawn by repetition"]
[WhiteElo "1691"]
[BlackElo "1629"]
[Opening "Vienna: `Frankenstein-Dracula' variation"]
[ECO "C27"]
[NIC "VG.02"]
[Time "19:03:50"]
[TimeControl "120+12"]

1. e4 e5 2. Nc3 Nf6 3. Bc4 Nxe4 4. Qh5 Nd6 5. Bb3 Nc6 6. Nb5 g6 7. Qf3 f5 8.
Qd5 Qe7 9. Nxc7+ Kd8 10. Nxa8 b6 11. Ba4 Bb7 12. Nxb6 axb6 13. Qb3 Kc7 14.
Ne2 Nd4 15. Nxd4 exd4+ 16. Kf1 Ba6+ 17. d3 b5 18. Bxb5 Bxb5 19. Bf4 Bc6 20.
Qb4 g5 21. Qxd4 Bg7 22. Bxd6+ Qxd6 23. Qxg7 Re8 24. Qxg5 Qd5 25. Kg1 Rg8 26.
Qf4+ Kb7 27. f3 Qc5+ 28. Kf1 Qxc2 29. Qb4+ Kc8 30. Rg1 Qxd3+ 31. Kf2 Qc2+
32. Kf1 Qd3+ 33. Kf2 Qc2+ 34. Kf1 Qd3+ 35. Kf2 Qc2+ 36. Kf1
{Game drawn by repetition}
1/2-1/2

[Event "GambitGuide"]
[Site "Internet Chess Club"]
[Date "2014.10.30"]
[Round "1"]
[White "JSBach"]
[Black "Labsb"]
[Result "1-0"]
[ICCResult "Black checkmated"]
[WhiteElo "1691"]
[BlackElo "1409"]
[Opening "Vienna: `Frankenstein-Dracula' variation"]
[ECO "C27"]
[NIC "VG.02"]
[Time "19:05:20"]
[TimeControl "120+12"]

1. e4 e5 2. Nc3 Nf6 3. Bc4 Nxe4 4. Qh5 Nd6 5. Bb3 Nc6 6. Nb5 g6 7. Qf3 f5 8.
Qd5 Qe7 9. Nxc7+ Kd8 10. Nxa8 b6 11. Ba4 Bb7 12. Nxb6 axb6 13. Qb3 Kc7 14.
Ne2 Ne4 15. Qb5 Qc5 16. O-O Qd6 17. d3 Nc5 18. f4 e4 19. dxe4 Nxe4 20. Be3
Nc5 21. Rfd1 Qe7 22. Kf2 Qh4+ 23. Kg1 Bd6 24. Rxd6 Kxd6 25. Bxc5+ bxc5 26.
Qxb7 Re8 27. Bxc6 dxc6 28. Rd1+ Ke6 29. Qd7+ Kf6 30. Rd6+ Re6 31. Rxe6#
{Black checkmated}
1-0

[Event "GambitGuide"]
[Site "Internet Chess Club"]
[Date "2014.10.30"]
[Round "1"]
[White "JSBach"]
[Black "fishhead"]
[Result "1-0"]
[ICCResult "Black resigns"]
[WhiteElo "1691"]
[BlackElo "1597"]
[Opening "Vienna: `Frankenstein-Dracula' variation"]
[ECO "C27"]
[NIC "VG.02"]
[Time "19:06:55"]
[TimeControl "120+12"]

1. e4 e5 2. Nc3 Nf6 3. Bc4 Nxe4 4. Qh5 Nd6 5. Bb3 Nc6 6. Nb5 g6 7. Qf3 f5 8.
Qd5 Qe7 9. Nxc7+ Kd8 10. Nxa8 b6 11. Ba4 Bb7 12. Nxb6 axb6 13. Qb3 b5 14.
Ne2 bxa4 15. Qxa4 Bg7 16. Nc3 Qe6 17. O-O Ke7 18. Re1 Ra8 19. Qh4+ Qf6 20.
Nd5+ {Black resigns} 1-0

[Event "GambitGuide"]
[Site "Internet Chess Club"]
[Date "2014.10.30"]
[Round "1"]
[White "JSBach"]
[Black "kingsac"]
[Result "1-0"]
[ICCResult "Black checkmated"]
[WhiteElo "1691"]
[BlackElo "1964"]
[Opening "Vienna: `Frankenstein-Dracula' variation"]
[ECO "C27"]
[NIC "VG.02"]
[Time "19:05:46"]
[TimeControl "120+12"]

1. e4 e5 2. Nc3 Nf6 3. Bc4 Nxe4 4. Qh5 Nd6 5. Bb3 Nc6 6. Nb5 g6 7. Qf3 f5 8.
Qd5 Qe7 9. Nxc7+ Kd8 10. Nxa8 b6 11. Ba4 Bb7 12. Nxb6 axb6 13. Qb3 Kc7 14.
Ne2 Ne4 15. Qb5 Qc5 16. O-O Qxb5 17. Bxb5 Bc5 18. d3 Nd6 19. Ba4 Nb4 20. Re1
b5 21. Bb3 h5 22. a3 Nd5 23. c4 bxc4 24. Bxc4 Nxc4 25. dxc4 Nb6 26. b4 Be7
27. c5 Nd5 28. Bb2 Bf6 29. b5 e4 30. Bxf6 Nxf6 31. h4 Ra8 32. a4 Nd5 33. a5
d6 34. a6 Bc8 35. Red1 Nf6 36. Rxd6 Ng4 37. b6+ Kb8 38. a7+ Kb7 39. Rxg6 e3
40. Rg7+ Kc6 41. Rc7+ Kd5 42. Nf4+ Ke4 43. Ra4+ Ke5 44. f3 Nf2 45. Rxc8 Rxc8
46. b7 Rxc5 47. b8=Q+ Kf6 48. Qf8+ Ke5 49. Qe7# {Black checkmated} 1-0

[Event "GambitGuide"]
[Site "Internet Chess Club"]
[Date "2014.10.30"]
[Round "1"]
[White "JSBach"]
[Black "Lucas"]
[Result "1-0"]
[ICCResult "Black resigns"]
[WhiteElo "1691"]
[BlackElo "2376"]
[Opening "Vienna: `Frankenstein-Dracula' variation"]
[ECO "C27"]
[NIC "VG.02"]
[Time "19:06:54"]
[TimeControl "120+12"]

1. e4 e5 2. Nc3 Nf6 3. Bc4 Nxe4 4. Qh5 Nd6 5. Bb3 Nc6 6. Nb5 g6 7. Qf3 f5 8.
Qd5 Qe7 9. Nxc7+ Kd8 10. Nxa8 b6 11. Ba4 Bb7 12. Nxb6 axb6 13. Qb3 Nc8 14.
Ne2 Na5 15. Qg3 f4 16. Qg4 g5 17. O-O h5 18. Qf5 Bg7 19. Re1 Rf8 20. Qg6 f3
21. gxf3 Bxf3 22. d4 Bb7 23. Bxg5 Bf6 24. Bxf6 Rxf6 25. Qxh5 Qg7+ 26. Ng3
exd4 27. Qh4 Kc7 28. Qxd4 Nc6 29. Bxc6 Bxc6 30. Re3 Nd6 31. Rae1 Nf5 32.
Qf4+ Kb7 33. Rb3 Nxg3 34. Rxg3 Qh8 35. Qd4 Qh6 36. c3 Rf4 37. Qd3 Rh4 38.
Rg6 Qh5 39. Qg3 Rxh2 40. Qxh2 Qxg6+ 41. Qg3 Qh5 42. f4 Qd5 43. b3 Qd2 44. a4
Qb2 45. c4 Qd2 46. Re7 Qd1+ 47. Kf2 Qd2+ 48. Re2 Qd4+ 49. Qe3 Qh8 50. f5
Qh2+ 51. Ke1 Qh1+ 52. Kd2 Qh3 53. Qxh3 {Black resigns} 1-0

[Event "GambitGuide"]
[Site "Internet Chess Club"]
[Date "2014.10.30"]
[Round "1"]
[White "JSBach"]
[Black "TheJedi"]
[Result "0-1"]
[ICCResult "White checkmated"]
[WhiteElo "1691"]
[BlackElo "2119"]
[Opening "Vienna: `Frankenstein-Dracula' variation"]
[ECO "C27"]
[NIC "VG.02"]
[Time "19:06:52"]
[TimeControl "120+12"]

1. e4 e5 2. Nc3 Nf6 3. Bc4 Nxe4 4. Qh5 Nd6 5. Bb3 Nc6 6. Nb5 g6 7. Qf3 f5 8.
Qd5 Qe7 9. Nxc7+ Kd8 10. Nxa8 b6 11. Ba4 Bb7 12. Nxb6 axb6 13. Qb3 Kc7 14.
Ne2 Na5 15. Qg3 Bg7 16. d3 Nc6 17. Bg5 Qf8 18. Bb3 h6 19. Bc1 g5 20. Bd2 Ne7
21. Bb4 f4 22. Qg4 Nef5 23. c3 Qf6 24. Ba4 h5 25. Bxd6+ Kxd6 26. Bc6 Bxc6
27. Qf3 Bxf3 28. gxf3 g4 29. fxg4 hxg4 30. O-O-O Kc7 31. Kb1 d5 32. d4 f3
33. dxe5 Qxe5 34. Ng3 Nxg3 35. hxg3 Rxh1 36. Rxh1 Kb7 37. a3 Ka6 38. Ka1 Qe2
39. Rh2 Bf8 40. Rh8 Bc5 41. Rh4 Qxf2 42. Rxg4 Qe1+ 43. Ka2 f2 44. Ra4+ Kb7
45. Rf4 f1=Q 46. Rxf1 Qxf1 47. b4 Bf8 48. a4 Qg2+ 49. Kb3 Qxg3 50. a5 b5 51.
Kc2 Qf3 52. Kd2 Bh6+ 53. Kc2 Qe2+ 54. Kb1 Bg7 55. Kc1 Bxc3 56. a6+ Ka8 57.
a7 Qd2+ 58. Kb1 Qb2# {White checkmated} 0-1

[Event "GambitGuide"]
[Site "Internet Chess Club"]
[Date "2014.10.30"]
[Round "1"]
[White "JSBach"]
[Black "Labsb"]
[Result "1-0"]
[ICCResult "Black forfeits on time"]
[WhiteElo "1691"]
[BlackElo "1409"]
[Opening "Vienna: `Frankenstein-Dracula' variation"]
[ECO "C27"]
[NIC "VG.02"]
[Time "19:07:14"]
[TimeControl "120+12"]

1. e4 e5 2. Nc3 Nf6 3. Bc4 Nxe4 4. Qh5 Nd6 5. Bb3 Nc6 6. Nb5 g6 7. Qf3 f5 8.
Qd5 Qe7 9. Nxc7+ Kd8 10. Nxa8 b6 11. Ba4 Bb7 12. Nxb6 axb6 13. Qb3
{Black forfeits on time}
1-0

[Event "GambitGuide"]
[Site "Internet Chess Club"]
[Date "2014.10.30"]
[Round "1"]
[White "JSBach"]
[Black "fishhead"]
[Result "0-1"]
[ICCResult "White checkmated"]
[WhiteElo "1700"]
[BlackElo "1597"]
[Opening "Vienna: `Frankenstein-Dracula' variation"]
[ECO "C27"]
[NIC "VG.02"]
[Time "19:07:20"]
[TimeControl "120+12"]

1. e4 e5 2. Nc3 Nf6 3. Bc4 Nxe4 4. Qh5 Nd6 5. Bb3 Nc6 6. Nb5 g6 7. Qf3 f5 8.
Qd5 Qe7 9. Nxc7+ Kd8 10. Nxa8 b6 11. Ba4 Bb7 12. Nxb6 axb6 13. Qb3 b5 14.
Nf3 bxa4 15. Qxa4 Bg7 16. O-O e4 17. Ne1 Ne5 18. d4 Nec4 19. c3 Nb6 20. Qa7
Nbc8 21. Qc5 Nf7 22. Qb5 d5 23. Bf4 Qd7 24. Qxd7+ Kxd7 25. f3 Nfd6 26. Be5
Bxe5 27. dxe5 Nc4 28. b3 Nxe5 29. Kf2 Nd6 30. a4 Rc8 31. Rc1 d4 32. c4 e3+
33. Ke2 f4 34. Rd1 Nf5 35. Nd3 Nxd3 36. Rxd3 Ke6 37. a5 Ke5 38. Ra1 Ba6 39.
Rc1 Rc5 40. Ra1 g5 41. Ra4 h5 42. Ra1 g4 43. Ra2 Nh4 44. fxg4 hxg4 45. Kf1
Ke4 46. Rd1 f3 47. g3 Nf5 48. Kg1 d3 49. Rb1 Nd4 50. Ra4 d2 51. Raa1 e2 52.
h4 gxh3 53. b4 Rxc4 54. b5 Nxb5 55. Kf2 d1=Q 56. Rxd1 exd1=Q 57. Rxd1 Rc3
58. Re1+ Kf5 59. Rb1 Nd4 60. Rd1 Rc2+ 61. Ke3 Re2+ 62. Kxd4 f2 63. g4+ Kxg4
64. Kd5 Re1 65. Rd2 f1=Q 66. Rd4+ Kf5 67. Rh4 Qf3+ 68. Kc5 Rc1+ 69. Kd6 Rc6+
70. Kd7 Qd5+ 71. Ke7 Re6+ 72. Kf8 Qd8+ 73. Kg7 Qe7+ 74. Kg8 Rg6+ 75. Kh8
Qg7# {White checkmated} 0-1

[Event "GambitGuide"]
[Site "Internet Chess Club"]
[Date "2014.10.30"]
[Round "1"]
[White "JSBach"]
[Black "boveymvp"]
[Result "1-0"]
[ICCResult "Black resigns"]
[WhiteElo "1700"]
[BlackElo "1577"]
[Opening "Vienna: `Frankenstein-Dracula' variation"]
[ECO "C27"]
[NIC "VG.02"]
[Time "19:09:07"]
[TimeControl "120+12"]

1. e4 e5 2. Nc3 Nf6 3. Bc4 Nxe4 4. Qh5 Nd6 5. Bb3 Nc6 6. Nb5 g6 7. Qf3 f5 8.
Qd5 Qe7 9. Nxc7+ Kd8 10. Nxa8 b6 11. Ba4 Bb7 12. Nxb6 axb6 13. Qb3 Nc8 14.
Ne2 Qc5 15. Qf7 Qe7 16. Qxe7+ Bxe7 17. d3 d5 18. Bh6 Kc7 19. Bb5 Nd6 20.
Bxc6 Bxc6 21. Bg7 Re8 22. Bxe5 Bg5 23. f4 Bh4+ 24. Kd2 Kd7 25. Nd4 Bb7 26.
g3 Bd8 27. Rae1 b5 28. Bxd6 Kxd6 29. Rxe8 {Black resigns} 1-0

[Event "GambitGuide"]
[Site "Internet Chess Club"]
[Date "2014.10.30"]
[Round "1"]
[White "JSBach"]
[Black "Nightlife"]
[Result "1-0"]
[ICCResult "Black resigns"]
[WhiteElo "1700"]
[BlackElo "1629"]
[Opening "Vienna: `Frankenstein-Dracula' variation"]
[ECO "C27"]
[NIC "VG.02"]
[Time "19:08:13"]
[TimeControl "120+12"]

1. e4 e5 2. Nc3 Nf6 3. Bc4 Nxe4 4. Qh5 Nd6 5. Bb3 Nc6 6. Nb5 g6 7. Qf3 f5 8.
Qd5 Qe7 9. Nxc7+ Kd8 10. Nxa8 b6 11. Ba4 Bb7 12. Nxb6 axb6 13. Qb3 Kc7 14.
Ne2 Na5 15. Qg3 Ne4 16. Qh3 Qc5 17. O-O f4 18. Qxd7+ Kb8 19. d4 exd4 20.
Bxf4+ Ka7 21. Nxd4 Nf6 22. Nb5+ Ka6 23. Qe6 Ne4 24. Rad1 Bg7 25. Rd7
{Black resigns}
1-0

[Event "GambitGuide"]
[Site "Internet Chess Club"]
[Date "2014.10.30"]
[Round "1"]
[White "JSBach"]
[Black "esveesea"]
[Result "1-0"]
[ICCResult "Black resigns"]
[WhiteElo "1700"]
[BlackElo "1138"]
[Opening "Vienna: `Frankenstein-Dracula' variation"]
[ECO "C27"]
[NIC "VG.02"]
[Time "19:09:01"]
[TimeControl "120+12"]

1. e4 e5 2. Nc3 Nf6 3. Bc4 Nxe4 4. Qh5 Nd6 5. Bb3 Nc6 6. Nb5 g6 7. Qf3 f5 8.
Qd5 Qe7 9. Nxc7+ Kd8 10. Nxa8 b6 11. Ba4 Bb7 12. Nxb6 axb6 13. Qb3 b5 14.
Ne2 Na5 15. Qc3 Ndc4 16. Bxb5 Bxg2 17. Rg1 Bf3 18. Qxf3 e4 19. Qc3 Bg7 20.
Nd4 Bxd4 21. Qxd4 e3 22. Qxh8+ Kc7 23. fxe3 Nxe3 24. dxe3 Qb4+ 25. Qc3+
Qxc3+ 26. bxc3 Kb6 27. Bxd7 Nc4 28. Be6 Ne5 29. Rb1+ Kc5 30. Ke2 f4 31. exf4
Kd6 32. fxe5+ Kxe6 33. Rb6+ Kf5 34. Rg5+ Ke4 35. e6 {Black resigns} 1-0

[Event "GambitGuide"]
[Site "Internet Chess Club"]
[Date "2014.10.30"]
[Round "1"]
[White "JSBach"]
[Black "kingsac"]
[Result "1-0"]
[ICCResult "Black resigns"]
[WhiteElo "1700"]
[BlackElo "1964"]
[Opening "Vienna: `Frankenstein-Dracula' variation"]
[ECO "C27"]
[NIC "VG.02"]
[Time "19:08:18"]
[TimeControl "120+12"]

1. e4 e5 2. Nc3 Nf6 3. Bc4 Nxe4 4. Qh5 Nd6 5. Bb3 Nc6 6. Nb5 g6 7. Qf3 f5 8.
Qd5 Qe7 9. Nxc7+ Kd8 10. Nxa8 b6 11. Ba4 Ba6 12. Bxc6 dxc6 13. Qb3 Qb7 14.
Qe6 Qe7 15. Qb3 Bc4 16. Qa4 Bb5 17. Qb4 a5 18. Qc3 Ne4 19. Qe3 Qc5 20. d3
Nf6 21. a4 Ba6 22. Nxb6 Ng4 23. Qxc5 Bxc5 24. Bg5+ Kc7 25. f3 Nf2 26. d4
Bxd4 27. Bf6 Re8 28. Na8+ Kb7 29. c3 Ba7 30. Kd2 Kxa8 31. Ne2 Nxh1 32. Rxh1
Bxe2 33. Kxe2 e4 34. Bg5 exf3+ 35. Kxf3 Re4 36. b3 Rg4 37. Bd8 c5 38. h3 Re4
39. Bxa5 c4 40. bxc4 Rxc4 41. Bb4 Bc5 42. Bxc5 Rxc5 43. Rc1 Rc4 44. Rc2 Kb7
45. Rb2+ Ka6 46. Re2 Rxc3+ 47. Kf2 Rc7 48. Re5 Rd7 49. Ke3 Rc7 50. a5 Rc4
51. g3 Ra4 52. Re7 Rb4 53. Re5 h5 54. Rd5 Rb5 55. Rd6+ Kxa5 56. Rxg6 Rb4 57.
Rg5 h4 58. Rxf5+ Ka4 59. Rf4 hxg3 60. Rxb4+ Kxb4 61. h4 Kc5 62. h5 Kd6 63.
h6 Ke7 64. h7 Kf7 65. h8=Q g2 66. Qh2 g1=Q+ 67. Qxg1 {Black resigns} 1-0

[Event "GambitGuide"]
[Site "Internet Chess Club"]
[Date "2014.10.30"]
[Round "1"]
[White "JSBach"]
[Black "Lucas"]
[Result "1-0"]
[ICCResult "Black checkmated"]
[WhiteElo "1700"]
[BlackElo "2376"]
[Opening "Vienna: `Frankenstein-Dracula' variation"]
[ECO "C27"]
[NIC "VG.02"]
[Time "19:10:04"]
[TimeControl "120+12"]

1. e4 e5 2. Nc3 Nf6 3. Bc4 Nxe4 4. Qh5 Nd6 5. Bb3 Nc6 6. Nb5 g6 7. Qf3 f5 8.
Qd5 Qe7 9. Nxc7+ Kd8 10. Nxa8 b6 11. Ba4 Bb7 12. Nxb6 axb6 13. Qb3 b5 14. d3
Nd4 15. Qc3 bxa4 16. Kf1 N6b5 17. Qa5+ Ke8 18. c3 Nc2 19. Qxb5 Nxa1 20. Qxb7
Nc2 21. Qa8+ Kf7 22. Qxa4 Na1 23. d4 exd4 24. Qxd4 Bg7 25. Qd5+ Qe6 26.
Qxe6+ dxe6 27. Ke2 Ra8 28. a3 Nb3 29. Bf4 Rd8 30. Bg5 Bf6 31. Nf3 Bxg5 32.
Nxg5+ Kf6 33. Nxh7+ Kg7 34. Ng5 Rd2+ 35. Ke3 Rxb2 36. Nxe6+ Kf6 37. Nf4 Rc2
38. Nd5+ Ke5 39. Rd1 Ra2 40. f4+ Ke6 41. g3 Rxa3 42. c4 Nc5+ 43. Kd4 Ne4 44.
Rd3 Ra2 45. h3 Rg2 46. g4 Rh2 47. c5 Rc2 48. gxf5+ gxf5 49. Nc3 Nf2 50. Re3+
Ne4 51. Nxe4 fxe4 52. h4 Kf5 53. Rxe4 Rd2+ 54. Ke3 Rd1 55. Re5+ Kg4 56. h5
Re1+ 57. Kf2 Rc1 58. Ke3 Re1+ 59. Kf2 Rc1 60. h6 Rh1 61. Re6 Kxf4 62. c6
Rh2+ 63. Kg1 Rc2 64. h7 Kg3 65. Rg6+ Kf3 66. h8=Q Rc1+ 67. Kh2 Rc2+ 68. Kh3
Rc1 69. Rg3+ Kf2 70. Qd4+ Kf1 71. Qg1+ Ke2 72. Qh2+ Kd1 73. Rg1#
{Black checkmated}
1-0

[Event "GambitGuide"]
[Site "Internet Chess Club"]
[Date "2014.10.30"]
[Round "1"]
[White "JSBach"]
[Black "kingsac"]
[Result "1/2-1/2"]
[ICCResult "Game drawn by repetition"]
[WhiteElo "1700"]
[BlackElo "1964"]
[Opening "Vienna: `Frankenstein-Dracula' variation"]
[ECO "C27"]
[NIC "VG.02"]
[Time "19:11:55"]
[TimeControl "120+12"]

1. e4 e5 2. Nc3 Nf6 3. Bc4 Nxe4 4. Qh5 Nd6 5. Bb3 Nc6 6. Nb5 g6 7. Qf3 f5 8.
Qd5 Qe7 9. Nxc7+ Kd8 10. Nxa8 b6 11. Ba4 Ba6 12. Bxc6 dxc6 13. Qb3 Qb7 14.
Qe6 Qe7 15. Qb3 Qb7 16. Qe6 Qe7 17. Qb3 Qb7 18. Qe6 Qe7 19. Qb3
{Game drawn by repetition}
1/2-1/2

[Event "GambitGuide"]
[Site "Internet Chess Club"]
[Date "2014.10.30"]
[Round "1"]
[White "JSBach"]
[Black "boveymvp"]
[Result "1-0"]
[ICCResult "Black resigns"]
[WhiteElo "1700"]
[BlackElo "1577"]
[Opening "Vienna: `Frankenstein-Dracula' variation"]
[ECO "C27"]
[NIC "VG.02"]
[Time "19:11:17"]
[TimeControl "120+12"]

1. e4 e5 2. Nc3 Nf6 3. Bc4 Nxe4 4. Qh5 Nd6 5. Bb3 Nc6 6. Nb5 g6 7. Qf3 f5 8.
Qd5 Qe7 9. Nxc7+ Kd8 10. Nxa8 b6 11. Ba4 Bb7 12. Nxb6 axb6 13. Qb3 Nc8 14.
Ne2 Qc5 15. Qf7 d5 16. Qf6+ Qe7 17. Qxh8 {Black resigns} 1-0

[Event "GambitGuide"]
[Site "Internet Chess Club"]
[Date "2014.10.30"]
[Round "1"]
[White "JSBach"]
[Black "kingsac"]
[Result "1-0"]
[ICCResult "Black resigns"]
[WhiteElo "1709"]
[BlackElo "1964"]
[Opening "Vienna: `Frankenstein-Dracula' variation"]
[ECO "C27"]
[NIC "VG.02"]
[Time "19:12:30"]
[TimeControl "120+12"]

1. e4 e5 2. Nc3 Nf6 3. Bc4 Nxe4 4. Qh5 Nd6 5. Bb3 Nc6 6. Nb5 g6 7. Qf3 f5 8.
Qd5 Qe7 9. Nxc7+ Kd8 10. Nxa8 b6 11. Ba4 Ba6 12. Bxc6 dxc6 13. Qb3 Qb7 14.
Qe6 Qe7 15. Qb3 Qb7 16. Qe6 Bg7 17. Qxd6+ Kc8 18. f4 exf4 19. Nxb6+ Qxb6 20.
Qe7 Bd4 21. Nf3 Bc5 22. Qe5 Bf2+ 23. Kd1 Qc7 24. Qxh8+ Kb7 25. Qe5 Qxe5 26.
Nxe5 {Black resigns} 1-0

[Event "GambitGuide"]
[Site "Internet Chess Club"]
[Date "2014.10.30"]
[Round "1"]
[White "JSBach"]
[Black "kingsac"]
[Result "1-0"]
[ICCResult "Black resigns"]
[WhiteElo "1709"]
[BlackElo "1964"]
[Opening "Vienna: `Frankenstein-Dracula' variation"]
[ECO "C27"]
[NIC "VG.02"]
[Time "19:13:28"]
[TimeControl "120+12"]

1. e4 e5 2. Nc3 Nf6 3. Bc4 Nxe4 4. Qh5 Nd6 5. Bb3 Nc6 6. Nb5 g6 7. Qf3 f5 8.
Qd5 Qe7 9. Nxc7+ Kd8 10. Nxa8 b6 11. Ba4 Ba6 12. Bxc6 dxc6 13. Qb3 Qb7 14.
Qe6 Qxa8 15. Qf6+ {Black resigns} 1-0

[Event "GambitGuide"]
[Site "Internet Chess Club"]
[Date "2014.10.30"]
[Round "1"]
[White "JSBach"]
[Black "Heian"]
[Result "1-0"]
[ICCResult "Black resigns"]
[WhiteElo "1709"]
[BlackElo "1562"]
[Opening "Vienna: `Frankenstein-Dracula' variation"]
[ECO "C27"]
[NIC "VG.02"]
[Time "19:12:55"]
[TimeControl "120+12"]

1. e4 e5 2. Nc3 Nf6 3. Bc4 Nxe4 4. Qh5 Nd6 5. Bb3 Nc6 6. Nb5 g6 7. Qf3 f5 8.
Qd5 Qe7 9. Nxc7+ Kd8 10. Nxa8 b6 11. Ba4 Bb7 12. Nxb6 axb6 13. Qb3 Kc7 14.
Ne2 Nd4 15. Nxd4 exd4+ 16. Kf1 Ne4 17. f3 Nc5 18. Qc4 Bg7 19. Bb5 Re8 20.
Qe2 Qf7 21. Qc4 Bd5 22. Qb4 Qe6 23. Kf2 Qe2+ 24. Bxe2 {Black resigns} 1-0

[Event "GambitGuide"]
[Site "Internet Chess Club"]
[Date "2014.10.30"]
[Round "1"]
[White "JSBach"]
[Black "Chanchito"]
[Result "1-0"]
[ICCResult "Black resigns"]
[WhiteElo "1709"]
[BlackElo "1928"]
[Opening "Vienna: `Frankenstein-Dracula' variation"]
[ECO "C27"]
[NIC "VG.02"]
[Time "19:11:36"]
[TimeControl "120+12"]

1. e4 e5 2. Nc3 Nf6 3. Bc4 Nxe4 4. Qh5 Nd6 5. Bb3 Nc6 6. Nb5 g6 7. Qf3 f5 8.
Qd5 Qe7 9. Nxc7+ Kd8 10. Nxa8 b6 11. Ba4 Bb7 12. Nxb6 axb6 13. Qb3 Kc7 14.
Ne2 Bg7 15. O-O Ra8 16. Re1 Qf7 17. d3 Qxb3 18. Bxb3 Nb5 19. c3 Na5 20. Ba4
Bc6 21. Bc2 Nd6 22. Bg5 e4 23. Kf1 exd3 24. Bxd3 Nac4 25. b3 Ne5 26. Bc2 h6
27. Be3 Ng4 28. Bf4 g5 29. Bxd6+ Kxd6 30. h3 Ne5 31. Nd4 Be4 32. Bxe4 fxe4
33. Nf5+ {Black resigns} 1-0